 Dungeon Crawl Stone Soup version 0.29-a0-8-g0446c0dae4 (webtiles) character file.

Game seed: 12486536202628331124

728 freelancePsychic the Archer (level 7, -5/61 HPs)
             Began as a Minotaur Hunter on Jan 27, 2022.
             Was a Follower of Okawaru.
             Slain by a hornet zombie (11 damage)
             ... on level 5 of the Dungeon.
             The game lasted 00:07:16 (4655 turns).

freelancePsychic the Archer (Minotaur Hunter)       Turns: 4655, Time: 00:07:16

Health: -5/61      AC:  4    Str: 16 (19) XL:     7   Next: 44%
Magic:  7/7        EV: 11    Int:  5 (8)  God:    Okawaru [*.....]
Gold:   112        SH:  0    Dex:  7 (10) Spells: 6/6 levels left

rFire   . . .      SeeInvis .   b - +4 short sword (venom)
rCold   . . .      Faith    .   (no shield)
rNeg    + . .      Spirit   .   c - +0 leather armour
rPois   +          Reflect  .   (helmet restricted)
rElec   .          Harm     .   (no cloak)
rCorr   .          Rampage  .   (no gloves)
Will    +....                   h - +0 pair of boots
Stlth   +.........              (no amulet)
HPRegen 0.20/turn               g - ring "Ulu Duho" {rPois rN+ Will+}
MPRegen 0.10/turn               (no ring)

@: mighty, flying
A: horns 2, retaliatory headbutt
a: Renounce Religion, Heroism


You were on level 5 of the Dungeon.
You worshipped Okawaru.
Okawaru was aware of your devotion.
You visited 2 branches of the dungeon, and saw 6 of its levels.

You collected 112 gold pieces.

Inventory:

Hand Weapons
 a - a +1 shortbow
 b - a +4 short sword of venom (weapon)
Missiles
 d - 123 arrows
 e - 2 poisoned darts (quivered)
Armour
 c - a +0 leather armour (worn)
 h - a +0 pair of boots (worn)
Jewellery
 g - the ring "Ulu Duho" (left hand) {rPois rN+ Will+}
   (You found it on level 4 of the Dungeon)

   [ring of willpower]

   rPois:     It protects you from poison.
   rN:        It protects you from negative energy.
   Will:      It increases your willpower.
Scrolls
 i - a scroll of enchant weapon
 o - a scroll of identify {@r1}
Potions
 q - a potion of flight


   Skills:
 + Level 5.5 Fighting
 - Level 2.7 Short Blades
 * Level 8.0 Bows
 - Level 2.1 Dodging
 - Level 0.7 Stealth
 + Level 1.9 Invocations


You had 6 spell levels left.
You didn't know any spells.
Your spell library contained the following spells:

 Spells                   Type           Power      Damage    Failure   Level
 Ensorcelled Hibernation  Hex/Ice        0%         N/A       69%         2
 Passwall                 Tmut/Erth      0%         N/A       69%         2
 Ozocubu's Armour         Ice            0%         N/A       89%         3
 Swiftness                Air            0%         N/A       89%         3
 Ozocubu's Refrigeration  Ice            0%         4d5       100%        7


Dungeon Overview and Level Annotations

Branches:
Dungeon (5/15)             Temple (1/1) D:5

Altars:
Ashenzari
Cheibriados
Elyvilon
Fedhas
Gozag
Hepliaklqana
Nemelex Xobeh
Okawaru
Qazlal
Ru
Sif Muna
Trog
Uskayaw
Vehumet
Wu Jian
Xom
Yredelemnul
Zin
The Shining One

Shops:
D:4 [

Annotations:
D:2 Natasha, Sigmund
D:5 3 runed translucent doors, Prince Ribbit; bronco's ghost, amateur GnCK


Innate Abilities, Weirdness & Mutations

You have a pair of horns on your head.
You reflexively headbutt those who attack you in melee.


Message History

The centaur barely misses you. x2; Prince Ribbit blinks!
Okay, then.
It was a potion of degeneration.
There was something very wrong with that liquid.
You feel weakened.
You feel dopey.
You feel clumsy. The centaur barely misses you.
The centaur kicks you but does no damage.
The centaur drinks a potion.
The centaur is healed!
You hit the centaur.
The centaur looks as sick as possible!
You headbutt the centaur.
The centaur is heavily wounded.
The centaur hits you.
The centaur kicks you but does no damage.
Prince Ribbit blinks!
The centaur barely misses you. You furiously retaliate!
You headbutt the centaur! The centaur kicks you.
The centaur completely misses you.
The centaur kicks you but does no damage.
It was a potion of might.
You feel very mighty all of a sudden.
You kill the centaur!
Okawaru accepts your kill.
You can now gain great but temporary skills.
A hound zombie comes into view.
The hornet zombie hits you.
Prince Ribbit blinks!
Your Bows skill increases to level 8!
You puncture the hornet zombie!
The hornet zombie is heavily damaged.
You feel yourself speed up. The hornet zombie closely misses you.
The hornet zombie hits you!
* * * LOW HITPOINT WARNING * * *
You puncture the hornet zombie!
The hornet zombie is severely damaged.
The hornet zombie hits you.
* * * LOW HITPOINT WARNING * * *
Prince Ribbit blinks!
The hornet zombie hits you.
* * * LOW HITPOINT WARNING * * *
You completely miss the hornet zombie.
The hornet zombie is severely damaged.
The hornet zombie hits you!
You die...

##.#####.# #........#
.......#.# #........#
.....#.# #........#
.#####..#.###........#####
.....................'..>#
.#.##..#ยง###........##...
#.###.#.# ###.....###...
#.# #.#.# #........... #.#
#.#@# #.....###...
#.###.#Z# #.....#.###.
#(F...(Z# #.....#...#.
#(....(.###.###
##.....#.#.#. ..(Z...(#
#.# ..........#.#.
.#.....(# #.#
######...##.## #.....(#
#.# ###.##.## #.###### #.#
#.##... #..# ... #.##.##


You could see a hound zombie and a hornet zombie.

Vanquished Creatures
  A centaur (D:5)
  A phantom (D:5)
  A scorpion (D:5)
  A wyvern skeleton (D:5)
  3 orc priests
  A hound (D:4)
  An iguana (D:5)
  5 orc wizards
  A hound zombie (D:5)
  2 hound skeletons (D:4)
  6 gnolls
  An adder (D:3)
  An adder skeleton (D:5)
  A dart slug (D:1)
  18 orcs
  5 ball pythons
  3 endoplasms
  5 goblins
  8 hobgoblins
  4 jackals (D:4)
  5 quokkas
  4 bats
  3 frilled lizards (D:3)
  6 kobolds
  6 rats
  2 bushes (D:5)
95 creatures vanquished.

Vanquished Creatures (others)
  2 plants (D:5)
2 creatures vanquished.

Grand Total: 97 creatures vanquished

Notes
Turn   | Place    | Note
-------+----------+-------------------------------------------
     0 | D:1      | freelancePsychic the Minotaur Hunter began the quest for
                  | the Orb.
     0 | D:1      | Reached XP level 1. HP: 18/18 MP: 0/0
   228 | D:1      | Reached XP level 2. HP: 24/25 MP: 1/1
   289 | D:1      | Reached skill level 5 in Bows
   464 | D:1      | Found a faded altar of an unknown god.
   742 | D:1      | Reached XP level 3. HP: 24/31 MP: 2/2
   994 | D:2      | Noticed Natasha
  1066 | D:2      | Noticed Sigmund
  1303 | D:3      | Reached XP level 4. HP: 39/39 MP: 3/3
  1474 | D:3      | Reached skill level 6 in Bows
  1674 | D:3      | Reached skill level 1 in Short Blades
  2063 | D:4      | Found Ifesihor's Armour Boutique.
  2069 | D:3      | Reached XP level 5. HP: 44/46 MP: 4/4
  2094 | D:4      | Identified the ring "Ulu Duho" {rPois rN+ Will+}
  2463 | D:4      | Reached XP level 6. HP: 39/53 MP: 5/5
  2674 | D:4      | Identified the +5 spear "Xuunk" {drain, Contam rElec rF+
                  | Str+3}
  2853 | D:4      | Reached skill level 7 in Bows
  3337 | D:5      | Entered Level 5 of the Dungeon
  3339 | D:5      | Found a staircase to the Ecumenical Temple.
  3507 | Temple   | Entered the Ecumenical Temple
  3766 | Temple   | Became a worshipper of Warmaster Okawaru
  3832 | D:5      | Found a runed translucent gate.
  3847 | D:5      | Reached skill level 5 in Fighting
  3949 | D:5      | Noticed bronco's ghost (amateur GnCK)
  3954 | D:5      | Found a runed translucent gate.
  3954 | D:5      | Found a runed translucent gate.
  4000 | D:5      | Found a broken altar of Ashenzari.
  4031 | D:5      | Reached skill level 1 in Invocations
  4031 | D:5      | Reached XP level 7. HP: 50/61 MP: 6/6
  4292 | D:5      | Reached * piety under Okawaru
  4606 | D:5      | Noticed Prince Ribbit
  4653 | D:5      | Reached skill level 8 in Bows
  4655 | D:5      | Slain by a hornet zombie

Illustrated notes

Levels and vault maps discovered:
D:1:      lightli_arrival_lavapool, layout_basic, serial_corexii_hall,
          chequers_hall_statues_corner_a, corexii_hall_statues_s,
          ebering_ecumenical_altar_rust, minivault_27
D:2:      minmay_razor_zed, layout_basic, chequers_serial_rivers_marsh,
          uniq_natasha, uniq_sigmund
D:3:      layout_basic, minmay_misc_feat_pillars
D:4:      layout_basic, nicolae_stop_n_shop_1
D:5:      layout_basic, ashenzari_conservatory_becter,
          minmay_temple_entry_overgrown, gammafunk_ghost_split, st_stairs_4,
          serial_bayou_pond_a, uniq_prince_ribbit1
Temple:   mainiacjoe_temple_big_plus

Skill      XL: |  1  2  3  4  5  6  7 |
---------------+----------------------+-----
Bows           | 5 6 7 8 |  8.0
Fighting       | 3 4 5 |  5.5
Short Blades   | 1 2 |  2.7
Invocations    | 1 |  1.9
Dodging        | |  2.1
Stealth        | |  0.7

Action                   |  1- 3 |  4- 6 |  7- 9 || total
-------------------------+-------+-------+-------++-------
Melee: Short sword       |    60 |   160 |    21 ||   241
       Headbutt          |     6 |    38 |     3 ||    47
       Punch             |       |     1 |     1 ||     2
 Fire: Shortbow          |    17 |    19 |    12 ||    48
  Use: Potion            |     1 |       |     7 ||     8
       Scroll            |       |     2 |     3 ||     5
Armor: Leather armour    |    30 |    23 |    15 ||    68
Dodge: Dodged            |    52 |    50 |    27 ||   129

Table legend: (Time is in decaauts)
 A = Elapsed time spent in this place.
 B = Non-inter-level travel time spent in this place.
 C = Inter-level travel time spent in this place.
 D = Time resting spent in this place.
 E = Time spent auto-exploring this place.
 F = Levels seen in this place.
 G = Mean time per level.
                   A        B        C        D        E       F      G
               +--------+--------+--------+--------+--------+-----+--------+
         Total |   4673 |   4532 |    141 |    120 |   3639 |   6 |  778.8 |
       Dungeon |   4362 |   4243 |    119 |    120 |   3369 |   5 |  872.4 |
        Temple |    310 |    288 |     22 |      0 |    270 |   1 |  310.0 |
               +--------+--------+--------+--------+--------+-----+--------+

Top non-repeatable levels by time:
     D:4: 1265 daAuts
     D:5: 1014 daAuts
     D:3: 990 daAuts
     D:1: 866 daAuts
  Temple: 310 daAuts
     D:2: 225 daAuts
